 Dungeon Crawl Stone Soup version 0.24.1-14-gf8d2b509d9 (webtiles) character file.

Game seed: 12059286107625600933, levelgen mode: deterministic

109 Bodigarde the Skirmisher (level 4, 0/35 HPs)
             Began as a Mummy Fighter on May 22, 2020.
             Slain by Grinder (5 damage)
             ... on level 3 of the Dungeon.
             The game lasted 00:05:25 (2683 turns).

Bodigarde the Skirmisher (Mummy Fighter)            Turns: 2683, Time: 00:05:26

Health: 0/35       AC:  7    Str: 20    XL:     4   Next: 60%
Magic:  4/4        EV:  7    Int:  7    God:
Gold:   165        SH:  9    Dex: 11    Spells: 3/3 levels left

rFire    x . .     SeeInvis .   a - +0 flail
rCold    + . .     Gourm    .   c - +0 shield
rNeg     + + +     Faith    .   b - +0 scale mail
rPois    ∞         Spirit   .   (no helmet)
rElec    .         Reflect  .   (no cloak)
rCorr    .         Harm     .   (no gloves)
MR       .....                  d - +0 pair of boots
Stlth    ..........             (no amulet)
HPRegen  0.11/turn              (no ring)
MPRegen  0.09/turn              (no ring)

@: no status effects
A: no food or potions, fire vulnerability, cold resistance 1, negative energy
resistance 3, torment resistance, unbreathing
a: no special abilities


You were on level 3 of the Dungeon.
You were not hungry.

You visited 1 branch of the dungeon, and saw 3 of its levels.

You collected 165 gold pieces.

Inventory:

Hand Weapons
 a - a +0 flail (weapon)
Missiles
 f - 114 stones (quivered)
 l - 16 poisoned darts
 o - 2 javelins
Armour
 b - a +0 scale mail (worn)
 c - a +0 shield (worn)
 d - a +0 pair of boots (worn)
Jewellery
 n - an uncursed ring of poison resistance {unknown}
Wands
 p - a wand of flame (10)
Scrolls
 e - 2 scrolls of remove curse {unknown}
 g - 2 scrolls of enchant weapon {unknown}
 h - a scroll of random uselessness {unknown}
 i - 2 scrolls of teleportation {unknown}
 j - 2 scrolls of enchant armour {unknown}
 k - 3 scrolls of identify {unknown}
 m - a scroll of fear {unknown}


   Skills:
 + Level 3.5 Fighting
 * Level 2.8 Maces & Flails
 + Level 2.9 Armour
 + Level 2.9 Shields


You had 3 spell levels left.
You didn't know any spells.
Your spell library was empty.

Dungeon Overview and Level Annotations

Branches:
Dungeon (3/15)

Altars:
Elyvilon
Fedhas
Trog

Annotations:
D:3 Grinder


Innate Abilities, Weirdness & Mutations

You do not eat or drink.
Your flesh is vulnerable to fire.
You are immune to poison.
Your flesh is cold resistant. (rC+)
You are immune to negative energy. (rN+++)
You are immune to unholy pain and torment.
You can survive without breathing.


Message History

Grinder is almost dead.
Grinder gestures at you.
You suddenly lose the ability to move!
Grinder blinks!
Grinder hits you. Grinder hits you but does no damage.
You can move again.
Unknown command.
Unknown command.
You closely miss Grinder.
Grinder is almost dead.
Grinder hits you!
* * * LOW HITPOINT WARNING * * *
Grinder hits you.
* * * LOW HITPOINT WARNING * * *
Unknown command.
You closely miss Grinder.
Grinder is almost dead.
Grinder hits you.
You die...

##.........#####.#
##.#.....#.# #.#
##.........# #.#
##.#.⌠.⌠.#.# #.#
#.........# #.#
#.#.....#.# #.#
#...._....# #.#
#.#.....#.# #5#
#.........# #@#
#.#.⌠.⌠.#.# #.#
#.........# #.#
#.#.....#.# #.#
#.........# #.#
####..##### #.#
#.## #.# #####.#
#.# #...†.######
#.#


You could see Grinder.

Vanquished Creatures
  A howler monkey (D:3)
  An adder (D:2)
  2 worms (D:2)
  A dart slug (D:1)
  2 leopard geckos
  An orc (D:3)
  6 bats
  3 giant cockroaches
  5 goblins
  3 hobgoblins
  6 jackals
  A quokka (D:3)
  2 frilled lizards (D:2)
  4 kobolds
  9 rats
47 creatures vanquished.

Vanquished Creatures (others)
  A goblin (D:1)
1 creature vanquished.

Grand Total: 48 creatures vanquished

Notes
Turn   | Place    | Note
-------+----------+-------------------------------------------
     0 | D:1      | Bodigarde the Mummy Fighter began the quest for the Orb.
     0 | D:1      | Reached XP level 1. HP: 18/18 MP: 1/1
   173 | D:1      | Reached XP level 2. HP: 16/24 MP: 2/2
   986 | D:2      | Reached XP level 3. HP: 16/29 MP: 3/3
  1662 | D:2      | Found a blossoming altar of Fedhas.
  1725 | D:2      | Noticed a moth of wrath
  1728 | D:2      | Found a bloodstained altar of Trog.
  2216 | D:3      | Reached XP level 4. HP: 21/35 MP: 4/4
  2562 | D:3      | Found a white marble altar of Elyvilon.
  2648 | D:3      | Noticed Grinder
  2676 | D:3      | Paralysed by Grinder for 6 turns
  2683 | D:3      | Slain by Grinder

Levels and vault maps discovered:
D:1:      dpeg_arrival_prison, layout_basic, corexii_item_surrounded_by_moat,
          minmay_misc_feat_tower, lemuel_old_faithful
D:2:      layout_rooms, lemuel_round_altar, tgw_trog
D:3:      layout_basic, elyvilon_altar_5, hex_large, cheibrodos_gnoll_hut,
          uniq_grinder

Skill      XL: |  1  2 |
---------------+-------+-----
Maces & Flails | 2 |  2.8
Fighting       | |  3.5
Armour         | |  2.9
Shields        | |  2.9

Action                   |  1- 3 |  4- 6 || total
-------------------------+-------+-------++-------
Melee: Flail             |   176 |    45 ||   221
Throw: Stone             |    12 |     1 ||    13
Evoke: Wand              |       |     6 ||     6
Armor: Scale mail        |    92 |    11 ||   103
Dodge: Dodged            |    60 |    10 ||    70
Block: Shield            |    90 |    16 ||   106
